 Dungeon Crawl Stone Soup version 0.21-a0-642-g5d013b2151 (webtiles) character file.

167903 NihilVerum the Peltast (level 17, -16/112 HPs)
             Began as a Gargoyle Fighter on Dec 31, 2017.
             Was the Champion of the Shining One.
             Killed from afar by Polyphemus the fire giant (32 damage)
             ... with a fireball
             ... on level 2 of the Shoals on Jan 1, 2018.
             The game lasted 01:14:59 (29803 turns).

NihilVerum the Peltast (Gargoyle Fighter)          Turns: 29803, Time: 01:15:00

Health: -16/112    AC: 39    Str: 23 (27) XL:     17   Next: 63%
Magic:  26/26      EV: 13    Int:  8      God:    the Shining One [******]
Gold:   1669       SH: 37    Dex: 25      Spells: 16/16 levels left

rFire    . . .     SeeInvis .   U - +4 flail (crush)
rCold    + + .     Gourm    .   B - +3 large shield
rNeg     + + +     Faith    +   G - +3 ice dragon scales
rPois    ∞         Spirit   .   y - +2 hat
rElec    +         Reflect  .   c - scarf {repulsion}
rCorr    .         Harm     .   O - +1 pair of gloves
MR       ++...     NoTele   +   W - +0 pair of boots
Stlth    ..........             M - amulet of faith
HPRegen  0.28/turn              n - ring "Atajaif" {-Tele rF+ Dex+9}
MPRegen  0.20/turn              Q - ring of Veolerghyoro {rElec MR+ Str+5 Int-4 Stlth-}

@: agile, divine shield, flying, glowing, repel missiles
A: big wings, iridescent scales 1, negative energy resistance 1, electricity
resistance, unbreathing, petrification resistance, rot immunity, AC +12
}: 1/15 runes: gossamer
a: Stop Flying, Divine Shield, Cleansing Flame, Summon Divine Warrior, Brand
Weapon With Holy Wrath, Renounce Religion


You were on level 2 of the Shoals.
You worshipped the Shining One.
The Shining One was exalted by your worship.
You were not hungry.

You visited 6 branches of the dungeon, and saw 26 of its levels.

You collected 2404 gold pieces.
You spent 735 gold pieces at shops.

Inventory:

Hand Weapons
 U - a +4 flail of crushing (weapon)
Missiles
 q - 12 javelins (quivered)
 I - 2 throwing nets
 N - 5 javelins of penetration
Armour
 c - a scarf of repulsion (worn)
 u - +0 fire dragon scales
 y - a +2 hat (worn)
 B - a +3 large shield (worn)
 G - +3 ice dragon scales (worn)
 O - a +1 pair of gloves (worn)
 W - a +0 pair of boots (worn)
Jewellery
 e - an uncursed ring of protection from magic
 n - the ring "Atajaif" (left hand) {-Tele rF+ Dex+9}
   (You found it on level 7 of the Dungeon)

   [ring of protection from fire]

   It affects your dexterity (+9).
   It protects you from fire.
   It prevents most forms of teleportation.
 r - an uncursed amulet of rage {unknown}
 C - an uncursed amulet of regeneration
 M - an amulet of faith (around neck)
 Q - the ring of Veolerghyoro (right hand) {rElec MR+ Str+5 Int-4 Stlth-}
   (You found it on level 6 of the Lair of Beasts)

   [ring of loudness]

   It affects your strength (+5).
   It affects your intelligence (-4).
   It insulates you from electricity.
   It affects your resistance to hostile enchantments.
   It makes you less stealthy.
 X - an uncursed ring of protection from fire
Wands
 b - a wand of polymorph (17)
 m - a wand of enslavement (23)
 A - a wand of disintegration (12)
 F - a wand of digging (16)
 H - a wand of paralysis (20)
 J - a wand of flame (41)
 Y - a wand of scattershot (5)
Scrolls
 g - 10 scrolls of magic mapping
 l - 9 scrolls of remove curse
 p - 20 scrolls of teleportation
 v - 7 scrolls of amnesia
 w - 9 scrolls of immolation
 z - 2 scrolls of identify
 E - a scroll of blinking
 K - 4 scrolls of fog
Potions
 a - 2 potions of haste
 d - 4 potions of brilliance
 h - 4 potions of resistance
 i - a potion of cancellation
 o - 6 potions of curing
 s - 3 potions of degeneration
 t - a potion of might
 x - 3 potions of berserk rage {unknown}
 L - a potion of ambrosia
 P - 3 potions of lignification {unknown}
 S - a potion of magic {unknown}
Miscellaneous
 j - a sack of spiders
 T - a phantom mirror
 V - a fan of gales (inert)
Comestibles
 f - 44 rations
 k - 3 chunks of flesh


   Skills:
 + Level 14.7 Fighting
 + Level 15.6 Maces & Flails
 + Level 14.6 Armour
 * Level 16.5 Shields
 + Level 12.7 Invocations


You had 16 spell levels left.
You didn't know any spells.

Dungeon Overview and Level Annotations

Branches:
Dungeon (11/15)            Temple (1/1) D:7            Lair (6/6) D:11
 Shoals (2/4) Lair:3       Spider (4/4) Lair:4        Slime (0/5) Lair:5
    Orc (2/2) D:10            Elf (0/3) Orc:2

Altars:
Ashenzari
Cheibriados
Dithmenos
Elyvilon
Fedhas
Gozag
Hepliaklqana
Kikubaaqudgha
Makhleb
Nemelex Xobeh
Okawaru
Qazlal
Ru
Sif Muna
Trog
Uskayaw
Vehumet
Wu Jian
Xom
Yredelemnul
Zin
The Shining One
Beogh

Shops:
D:4 *   Orc:2 *!%=

Annotations:
D:9 2 transporters
Shoals:2 exclusion: 2 ice statues, Polyphemus


Innate Abilities, Weirdness & Mutations

You are resistant to torment.
Your stone body is resilient. (AC +12)
You are immune to poison.
Your large and strong wings let you fly indefinitely.
You resist negative energy. (rN+)
You are resistant to electric shocks. (rElec)
You can survive without breathing.
You are immune to petrification.
You are immune to rotting.
You are partially covered in iridescent scales. (AC +2)


Message History

The fireball explodes!
The fireball engulfs you!
* * * LOW HITPOINT WARNING * * *
The fireball engulfs the plant.
The fireball engulfs Polyphemus.
Polyphemus resists.
Okay, then.
Okay, then.
You feel better. You block Polyphemus's attack.
You cannot blink because you are wearing the ring "Atajaif" {-Tele rF+ Dex+9}.
Unknown command.
Okay, then.
Evoke which item? (* to show all) (? for menu, Esc to quit)
Aiming: Enslavement
Press: ? - help, Shift-Dir - straight line, f/p - Polyphemus
Aim: Polyphemus the fire giant (heavily wounded, haloed, chance to defeat MR: 6%)
Okay, then.
Evoke which item? (* to show all) (? for menu, Esc to quit)
A fierce wind blows from the fan.
Polyphemus points at you and mumbles some strange words.
The fireball explodes!
The fireball engulfs you!
You die...

.≈≈≈...........[≈≈≈≈≈≈≈≈≈.≈≈≈≈≈≈≈
...≈...........[≈≈≈≈≈≈≈≈≈...≈≈≈≈
................≈≈≈≈≈.....
###....########.≈≈≈≈≈...#
#.≈...... #...≈≈....# ..≈≈≈≈.)..#
####.≈....# # ...≈≈≈≈≈...#
##....##....
≈..≈≈≈≈≈≈..######C....#.....
≈≈≈≈≈≈≈≈...##..P@###.≈≈≈≈≈≈≈
≈≈≈≈≈≈≈≈...##..†## #.≈≈≈≈≈≈≈
≈P≈..P..P..# #.≈≈≈≈≈≈.
≈≈P≈≈≈P...## #.≈≈≈≈≈.#
≈≈≈≈≈PP..## #.≈≈≈≈≈≈C


P≈P≈PPPP)# ##≈≈≈≈≈≈≈ ≈≈≈P≈≈≈))# .≈≈≈≈≈≈ ≈≈≈≈≈≈≈...# ≈≈≈≈≈≈≈ ≈≈≈≈≈≈≈≈...# You
could see Polyphemus the fire giant.

Vanquished Creatures
  Rupert (Orc:2)
  A kraken (Shoals:1)
  Agnes (Spider:2)
  Gastronok (Lair:3)
  The ghost of MirrMurr the Unseen, an adept SpEn of Dithmenos (Spider:2)
  Donald (Shoals:1)
  4 emperor scorpions
  4 ghost moths
  2 orc warlords
  The ghost of ZeroCool the Executioner, a journeyman MiBe of Trog (Orc:2)
  A stone giant (Orc:2)
  3 entropy weavers
  Nessos (Orc:2)
  An ettin (Orc:2)
  2 spark wasps
  A great orb of eyes (Lair:1)
  A fire dragon (Lair:1)
  7 hydras
  Erica (D:10)
  A catoblepas (Shoals:2)
  An alligator snapping turtle (Shoals:2)
  2 merfolk avatars
  A centaur warrior (D:11)
  An ogre mage (Orc:1)
  The ghost of NihilVerum the Cleaver, a novice HOFi of Qazlal (D:11)
  6 two-headed ogres
  8 death yaks
  4 orc high priests (Orc:2)
  The ghost of Libelnon the Arsonist, a novice GrFE of Vehumet (D:9)
  4 sea snakes
  6 harpies
  4 orc knights (Orc:2)
  16 orb spiders
  22 wolf spiders
  2 cyclopes
  6 orc sorcerers (Orc:2)
  A manticore (Shoals:2)
  2 fauns (Shoals:2)
  3 ugly things
  A moth of wrath (Spider:4)
  17 elephants
  A merfolk siren (Shoals:2)
  3 black mambas
  2 torpor snails
  3 water nymphs
  Psyche (D:9)
  A centaur zombie (D:9)
  12 spiny frogs
  A gargoyle (D:11)
  A yaktaur (D:10)
  8 rime drakes
  A kobold demonologist (D:10)
  6 demonic crawlers
  9 komodo dragons
  2 polar bears (Lair:6)
  28 jumping spiders
  5 trolls
  2 meliai (Spider:2)
  2 wind drakes
  8 hornets
  2 merfolk (Shoals:2)
  11 blink frogs
  A slime creature (Lair:5)
  2 snapping turtles
  4 dream sheep
  5 hippogriffs
  79 redbacks
  A wyvern (Lair:6)
  2 water elementals
  26 tarantellas
  2 shadows (D:11)
  4 basilisks
  24 yaks
  5 wargs
  A hungry ghost (D:11)
  Edmund (D:4)
  4 swamp worms (Lair:2)
  14 two-headed ogre zombies (Orc:1)
  A soldier ant (D:9)
  12 water moccasins
  5 porcupines
  36 orc warriors
  3 ice beasts
  4 black bears
  A necrophage (D:11)
  4 sky beasts
  2 eyes of draining
  2 phantoms
  13 ogres
  9 wolves
  9 centaurs
  12 big kobolds
  4 crocodiles
  10 bullfrogs
  A wyvern skeleton (D:10)
  4 scorpions
  20 killer bees
  4 wights (D:10)
  A howler monkey (D:10)
  An electric eel (Spider:3)
  6 crimson imps
  A quasit (D:11)
  29 orc priests
  4 hounds
  5 jellies
  A bullfrog skeleton (D:4)
  An iguana (D:9)
  17 orc wizards
  5 worker ants
  3 hound skeletons
  A worker ant zombie (D:7)
  A howler monkey skeleton (D:7)
  6 adders
  A shadow imp (D:5)
  An ooze (D:7)
  16 worms
  A dart slug (D:2)
  6 leopard geckos
  83 orcs
  7 giant cockroaches
  2 goblins
  4 hobgoblins
  11 jackals
  2 quokkas
  A ball python (D:2)
  2 bats (D:1)
  9 frilled lizards
  A jackal skeleton (D:4)
  19 kobolds
  A leopard gecko skeleton (D:4)
  6 rats
  6 tentacles (Shoals:1)
846 creatures vanquished.

Vanquished Creatures (collateral kills)
  Aizul (Spider:2)
  An orc warlord (Orc:2)
  A spark wasp (Spider:4)
  Fannar (Orc:1)
  A wolf spider (Spider:1)
  A demonic crawler (Spider:1)
  2 jumping spiders (Spider:4)
  A queen bee (Spider:2)
  A meliai (Spider:2)
  2 hornets (Spider:4)
  A redback (Spider:1)
  A tarantella (Spider:1)
  3 orc warriors (Orc:2)
  2 ogres (Orc:2)
  7 killer bees (Spider:2)
  3 orc priests (Orc:2)
  An orc wizard (Orc:2)
  2 orcs (Orc:2)
32 creatures vanquished.

Vanquished Creatures (others)
  A komodo dragon (Lair:6)
  A jumping spider (Spider:4)
  10 fungi (Lair:6)
  57 plants
  15 tentacles (Shoals:1)
84 creatures vanquished.

Grand Total: 962 creatures vanquished

Notes
Turn   | Place    | Note
-------+----------+-------------------------------------------
     0 | D:1      | NihilVerum the Gargoyle Fighter began the quest for the Orb.
     0 | D:1      | Reached XP level 1. HP: 14/14 MP: 1/1
   198 | D:1      | Reached XP level 2. HP: 19/19 MP: 2/2
   865 | D:2      | Reached XP level 3. HP: 23/23 MP: 3/3
  1064 | D:2      | Found an iron altar of Okawaru.
  1450 | D:3      | Found a white marble altar of Elyvilon.
  1472 | D:3      | Reached XP level 4. HP: 10/29 MP: 4/4
  1836 | D:3      | Reached XP level 5. HP: 33/33 MP: 5/5
  1951 | D:3      | Reached skill level 4 in Shields
  2363 | D:3      | Found a shadowy altar of Dithmenos.
  2892 | D:4      | Noticed a phantom
  2936 | D:4      | Killed a phantom
  2936 | D:4      | Reached XP level 6. HP: 32/39 MP: 6/6
  3060 | D:4      | Noticed Edmund
  3119 | D:4      | Killed Edmund
  3119 | D:4      | Reached XP level 7. HP: 42/44 MP: 7/7
  3319 | D:4      | Reached skill level 5 in Maces & Flails
  3342 | D:4      | Found Toila's General Store.
  3351 | D:4      | Bought a scroll of teleportation for 42 gold pieces
  3384 | D:4      | Found an opulent altar of Gozag.
  3461 | D:4      | Found a bloodstained altar of Trog.
  3560 | D:5      | Entered Level 5 of the Dungeon
  3586 | D:5      | Reached skill level 5 in Fighting
  3610 | D:5      | Reached skill level 5 in Armour
  3610 | D:5      | Reached skill level 5 in Shields
  3612 | D:5      | Found a sparkling altar of Nemelex Xobeh.
  4233 | D:6      | Got a smoking quarterstaff
  4280 | D:6      | Reached XP level 8. HP: 50/50 MP: 8/8
  4509 | D:6      | Gained mutation: You are partially covered in iridescent scales. (AC +2) [potion of mutation]
  4509 | D:6      | Gained mutation: You have a somewhat thin skeletal structure. (Dex +2, Stealth) [potion of mutation]
  4510 | D:6      | HP: 1/50 [orc priest/divine providence (12)]
  5624 | D:7      | Found a staircase to the Ecumenical Temple.
  5635 | Temple   | Entered the Ecumenical Temple
  5719 | Temple   | Became a worshipper of the Shining One
  5771 | D:7      | Reached skill level 1 in Invocations
  5790 | D:7      | Got a coiled bone ring
  5791 | D:7      | Identified the ring "Atajaif" {-Tele rF+ Dex+9} (You found it on level 7 of the Dungeon)
  5889 | D:7      | Noticed a two-headed ogre
  5902 | D:7      | Killed a two-headed ogre
  5902 | D:7      | Reached skill level 6 in Shields
  5902 | D:7      | Reached XP level 9. HP: 56/56 MP: 9/11
  6238 | D:7      | Found a blossoming altar of Fedhas.
  6459 | D:7      | You fall through a shaft for 2 floors!
  6462 | D:9      | Noticed Libelnon's ghost (novice GrFE)
  6486 | D:9      | Killed Libelnon's ghost
  6486 | D:9      | Reached skill level 7 in Shields
  6486 | D:9      | Reached XP level 10. HP: 53/63 MP: 11/13
  6501 | D:9      | Reached * piety under the Shining One
  6609 | D:9      | Found a glowing silver altar of Zin.
  6611 | D:9      | Noticed a yaktaur captain
  6613 | D:9      | Found a transporter.
  6614 | D:9      | Noticed a deep elf mage
  6622 | D:9      | Found a transporter.
  6717 | D:9      | Found a stormy altar of Qazlal.
  6763 | D:9      | Noticed Psyche
  6774 | D:9      | Killed Psyche
  6774 | D:9      | Reached skill level 5 in Invocations
  6945 | D:9      | Found a basalt altar of Yredelemnul.
  7539 | D:10     | Entered Level 10 of the Dungeon
  7551 | D:10     | Noticed a kobold demonologist
  7592 | D:10     | Killed a kobold demonologist
  7624 | D:10     | Reached skill level 8 in Shields
  7746 | D:10     | Reached skill level 10 in Maces & Flails
  7756 | D:10     | Reached XP level 11. HP: 68/68 MP: 15/15
  7762 | D:10     | Reached ** piety under the Shining One
  7770 | D:10     | Noticed Harold
  7771 | D:10     | Noticed Harold
  7771 | D:10     | Harold changed into Harold the yaktaur
  7785 | D:10     | Killed Harold the yaktaur
  7796 | D:10     | Found a staircase to the Orcish Mines.
  8390 | D:11     | Noticed a brown ugly thing
  8390 | D:11     | Noticed a cyclops
  8407 | D:10     | Killed a brown ugly thing
  8461 | D:10     | Killed a cyclops
  8680 | D:11     | Noticed a two-headed ogre
  8707 | D:11     | Killed a two-headed ogre
  8723 | D:11     | Found a staircase to the Lair.
  8724 | D:11     | Noticed a two-headed ogre
  8732 | D:11     | Killed a two-headed ogre
  8852 | D:11     | Noticed a white ugly thing
  8870 | D:11     | Killed a white ugly thing
  8932 | D:11     | Noticed NihilVerum's ghost (novice HOFi)
  8937 | D:11     | Noticed a cyan ugly thing
  8957 | D:11     | Killed NihilVerum's ghost
  8957 | D:11     | Reached skill level 9 in Shields
  8966 | D:11     | Killed a cyan ugly thing
  9184 | D:11     | Noticed a centaur warrior
  9184 | D:11     | Reached *** piety under the Shining One
  9207 | D:11     | Killed a centaur warrior
  9284 | D:11     | Reached XP level 12. HP: 76/76 MP: 17/17
  9782 | Lair:1   | Entered Level 1 of the Lair of Beasts
  9782 | Lair:1   | Noticed an eight-headed hydra
  9783 | Lair:1   | Noticed a great orb of eyes
  9783 | Lair:1   | an eight-headed hydra changed into a great orb of eyes
  9793 | Lair:1   | Paralysed by a great orb of eyes for 2 turns
  9801 | Lair:1   | Killed a great orb of eyes
 10285 | Lair:1   | Noticed a fire dragon
 10311 | Lair:1   | Killed a fire dragon
 10926 | Lair:1   | Got a smoking tin ring
 10965 | Lair:1   | Identified the ring "Piarurat" {rElec Dex+4} (You found it on level 1 of the Lair of Beasts)
 11260 | Lair:2   | Noticed a five-headed hydra
 11267 | Lair:2   | Killed a five-headed hydra
 11369 | Lair:2   | Reached skill level 10 in Fighting
 11388 | Lair:2   | Reached skill level 10 in Armour
 11402 | Lair:2   | Reached skill level 10 in Shields
 11525 | Lair:2   | Noticed a four-headed hydra
 11542 | Lair:2   | Killed a four-headed hydra
 12737 | Lair:3   | Reached XP level 13. HP: 75/83 MP: 19/19
 12992 | Lair:3   | Found a staircase to the Shoals.
 12993 | Lair:3   | Reached **** piety under the Shining One
 13480 | Lair:3   | Noticed Gastronok
 13505 | Lair:3   | Killed Gastronok
 14417 | Lair:4   | Found a hole to the Spider Nest.
 14631 | Lair:5   | Found a staircase to the Slime Pits.
 14681 | Lair:5   | Reached skill level 11 in Shields
 15325 | Lair:6   | Entered Level 6 of the Lair of Beasts
 15477 | Lair:6   | Reached skill level 10 in Invocations
 15477 | Lair:6   | Gained mutation: Your large and strong wings let you fly indefinitely. [Gargoyle growth]
 15477 | Lair:6   | Reached XP level 14. HP: 86/90 MP: 17/21
 16073 | Lair:6   | Reached skill level 12 in Shields
 16415 | Lair:6   | Got a pitted bronze ring
 16474 | Lair:6   | Identified the ring of Veolerghyoro {rElec MR+ Str+5 Int-4 Stlth-} (You found it on level 6 of the Lair of Beasts)
 16594 | Lair:6   | Reached ***** piety under the Shining One
 17195 | Orc:1    | Entered Level 1 of the Orcish Mines
 17195 | Orc:1    | Noticed Erica
 17224 | D:10     | Killed Erica
 17456 | Orc:1    | Noticed an orc warlord
 17473 | Orc:1    | Killed an orc warlord
 17644 | Orc:1    | Noticed Fannar
 17650 | Orc:1    | Killed Fannar
 17650 | Orc:1    | Reached XP level 15. HP: 97/97 MP: 14/22
 18139 | Orc:2    | Entered Level 2 of the Orcish Mines
 18154 | Orc:2    | Noticed ZeroCool's ghost (journeyman MiBe)
 18501 | Orc:2    | Noticed Sonja
 18507 | Orc:2    | Noticed Sonja
 18507 | Orc:2    | Sonja changed into Sonja the eye of draining
 18516 | Orc:2    | Killed Sonja the eye of draining
 18558 | Orc:2    | Reached skill level 13 in Shields
 18723 | Orc:2    | Killed ZeroCool's ghost
 18804 | Orc:2    | Found a roughly hewn altar of Beogh.
 18860 | Orc:2    | Noticed Rupert
 18905 | Orc:2    | Killed Rupert
 19010 | Orc:2    | Found Kongaoqe's Assorted Antiques.
 19243 | Orc:2    | Bought a scroll of blinking for 195 gold pieces
 19243 | Orc:2    | Bought a potion of curing for 78 gold pieces
 19272 | Orc:2    | Found Mutza's Distillery.
 19299 | Orc:2    | Bought a potion of heal wounds for 60 gold pieces
 19299 | Orc:2    | Bought 2 potions of resistance for 240 gold pieces
 19299 | Orc:2    | Bought a potion of haste for 120 gold pieces
 19328 | Orc:2    | Noticed an orc warlord
 19352 | Orc:2    | Killed an orc warlord
 19524 | Orc:2    | Noticed Nessos
 19544 | Orc:2    | Killed Nessos
 19739 | Orc:2    | Found a roughly hewn altar of Beogh.
 19745 | Orc:2    | Noticed an orc warlord
 19764 | Orc:2    | Killed an orc warlord
 19841 | Orc:2    | Lost mutation: You have a somewhat thin skeletal structure. (Dex +2, Stealth) [a neqoxec]
 19850 | Orc:2    | Found Foleiruth's Jewellery Shop.
 19923 | Orc:2    | Found Votwagao's Food Emporium.
 20131 | Orc:2    | Found a staircase to the Elven Halls.
 20548 | Spider:1 | Entered Level 1 of the Spider Nest
 20565 | Spider:1 | Reached skill level 14 in Shields
 20821 | Spider:1 | Reached ****** piety under the Shining One
 20921 | Spider:1 | Noticed an emperor scorpion
 20962 | Spider:1 | Killed an emperor scorpion
 20988 | Spider:1 | Reached XP level 16. HP: 68/104 MP: 24/24
 22099 | Spider:2 | Noticed MirrMurr's ghost (adept SpEn)
 22151 | Spider:2 | Killed MirrMurr's ghost
 22859 | Spider:2 | Noticed Aizul
 22869 | Spider:2 | Killed Aizul
 23124 | Spider:2 | Noticed Agnes
 23145 | Spider:2 | Killed Agnes
 23145 | Spider:2 | Reached skill level 15 in Shields
 23192 | Spider:2 | Reached skill level 15 in Maces & Flails
 24026 | Spider:2 | You are sucked into a shaft!
 25155 | Spider:3 | Got a turquoise-encrusted chain mail
 25166 | Spider:3 | Identified the +4 chain mail "Haoschorph" {rPois} (You found it on level 3 of the Spider Nest)
 25202 | Spider:4 | Entered Level 4 of the Spider Nest
 25985 | Spider:4 | Reached XP level 17. HP: 82/111 MP: 26/26
 26396 | Spider:4 | Reached skill level 16 in Shields
 27128 | Spider:4 | Got a gossamer rune of Zot
 27356 | Shoals:1 | Entered Level 1 of the Shoals
 27669 | Shoals:1 | Noticed a kraken
 28005 | Shoals:1 | Killed a kraken
 28817 | Shoals:2 | Found a frozen archway.
 28818 | Shoals:2 | Noticed Donald
 28863 | Shoals:1 | Killed Donald
 29737 | Shoals:2 | Noticed Polyphemus
 29791 | Shoals:2 | Noticed Polyphemus
 29791 | Shoals:2 | Polyphemus changed into Polyphemus the fire giant
 29803 | Shoals:2 | Killed from afar by Polyphemus the fire giant

Vault maps used:
D:1:      lemuel_arrival_rhombus
D:2:      okawaru_ov_weapons_minmay
D:3:      elyvilon_altar_5, grunt_dithmenos_smoke
D:4:      kennysheep_little_box, bloody_trog, serial_shops,
          nicolae_shop_waterfront, minmay_ruptured, uniq_edmund
D:5:      lemuel_crystal_altar, first_ration
D:7:      fedhas_altar_1, minmay_temple_entry_purple_smoke
D:8:      nicolae_two_hexagons, lemuel_flamethrower_2, uniq_joseph
D:9:      lemuel_ice_spiral_2, gammafunk_temple_overflow_arena,
          lemuel_crystal_altar, lemuel_doored_altar, hangedman_pestilent_swarm,
          uniq_psyche
D:10:     orc_0_dummy, special_room, uniq_harold
D:11:     minmay_opposing_rooms, lair_entry_dummy, kennysheep_generic_room_5
Temple:   nicolae_temple_hex_pool
Lair:1:   dragon1_lemuel, infiniplex_staircase_pool_2
Lair:2:   worms_lemuel
Lair:3:   minmay_shoals_entry_centaurs, st_stairs_7, small_statue_intersection,
          grunt_megastairs_2, uniq_gastronok
Lair:4:   spider_nest_entry_funnel_web
Lair:5:   minmay_slime_entry_pillars, lemuel_fruit_fields
Lair:6:   gammafunk_lair_ancient_temple, infiniplex_staircase_pool,
          serial_bayou_shore_b
Shoals:1: nicolae_shoals_kraken_intersection
Shoals:2: portal_ice_cave_entry_ice_statue_two, uniq_polyphemus, uniq_donald
Spider:1: spider_trap, uniq_agnes
Spider:2: nicolae_looking_at_the_future, nicolae_spider_cling_ruins, uniq_aizul
Spider:3: nicolae_spider_webs_and_nodes
Spider:4: spider_rune_water
Orc:1:    lemuel_ogre_cave, uniq_fannar, uniq_erica
Orc:2:    pubby_orc_utopia, uniq_rupert, uniq_sonja, uniq_nessos

Skill      XL: |  1  2  3  4  5  6  7  8  9 10 11 12 13 14 15 16 17 |
---------------+----------------------------------------------------+-----
Maces & Flails | 3 4 5 7 8 10 11 12 13 14 15 | 15.6
Fighting       | 4 5 6 7 8 9 10 11 12 13 14 | 14.7
Armour         | 4 5 6 7 8 9 10 11 12 13 14 | 14.6
Shields        | 4 5 6 7 8 9 10 11 12 14 15 16 | 16.5
Invocations    | 3 4 5 7 8 10 11 12 | 12.7

Action                   |  1- 3 |  4- 6 |  7- 9 | 10-12 | 13-15 | 16-18 || total
-------------------------+-------+-------+-------+-------+-------+-------++-------
Melee: Flail             |   119 |   215 |   297 |   863 |  1926 |  1136 ||  4556
Throw: Javelin           |       |       |     6 |       |     3 |    44 ||    53
       Throwing net      |       |       |       |     1 |       |     1 ||     2
Invok: Divine Shield     |       |       |       |     2 |    13 |     7 ||    22
       Cleansing Flame   |       |       |       |       |     7 |     6 ||    13
       Summon Divine War |       |       |       |       |     3 |     3 ||     6
 Abil: Fly               |       |       |       |       |     1 |       ||     1
Evoke: Wand              |       |       |       |     5 |     9 |    35 ||    49
       Sack of spiders   |       |       |       |     1 |     2 |     1 ||     4
       Fan of gales      |       |       |       |       |       |     1 ||     1
  Use: Potion            |     1 |     1 |     4 |     6 |     1 |     9 ||    22
       Scroll            |       |       |    12 |    10 |     8 |     6 ||    36
  Eat: Chunk             |     2 |     5 |     5 |    14 |    19 |    10 ||    55
       Ration            |       |       |     2 |     3 |     4 |     6 ||    15
Armor: Scale mail        |    83 |    89 |   219 |   220 |       |       ||   611
       Ice dragon scales |       |       |       |   147 |   762 |   545 ||  1454
       Fire dragon scale |       |       |       |     3 |       |       ||     3
Dodge: Dodged            |    31 |    36 |    68 |   115 |   277 |   194 ||   721
       Deflected         |       |       |     3 |     5 |    10 |     1 ||    19
Block: Shield            |    58 |   102 |     9 |       |       |       ||   169
       Large shield      |       |       |   368 |   918 |  2315 |  1505 ||  5106

Table legend:
 A = Spawn XP
 B = Non-spawn XP
 C = Spawn XP percentage of total XP
 D = Spawn monster count
 E = Non-spawn monster count
 F = Spawn count percentage of total count
 G = Total turns spent on level
                    A         B        C        D         E        F      G
               +---------+---------+-------+---------+---------+-------+---------
         Total |       0 |  221290 |   0.0 |       0 |     873 |   0.0 | 29803
               +---------+---------+-------+---------+---------+-------+---------
           D:1 |       0 |      32 |   0.0 |       0 |      17 |   0.0 |   799
           D:2 |       0 |      37 |   0.0 |       0 |       8 |   0.0 |   623
           D:3 |       0 |     175 |   0.0 |       0 |      30 |   0.0 |  1400
           D:4 |       0 |     568 |   0.0 |       0 |      15 |   0.0 |   738
           D:5 |       0 |     245 |   0.0 |       0 |      10 |   0.0 |   501
           D:6 |       0 |     296 |   0.0 |       0 |       8 |   0.0 |  1496
           D:7 |       0 |    2477 |   0.0 |       0 |      31 |   0.0 |   813
           D:9 |       0 |    3363 |   0.0 |       0 |      29 |   0.0 |  1102
          D:10 |       0 |    5983 |   0.0 |       0 |      56 |   0.0 |  1183
          D:11 |       0 |    7950 |   0.0 |       0 |      39 |   0.0 |  1355
        Lair:1 |       0 |    4168 |   0.0 |       0 |      11 |   0.0 |  1396
        Lair:2 |       0 |    7135 |   0.0 |       0 |      36 |   0.0 |  1369
        Lair:3 |       0 |    6083 |   0.0 |       0 |      13 |   0.0 |  1097
        Lair:4 |       0 |    8416 |   0.0 |       0 |      29 |   0.0 |  1001
        Lair:5 |       0 |    5547 |   0.0 |       0 |      27 |   0.0 |   843
        Lair:6 |       0 |   27811 |   0.0 |       0 |      70 |   0.0 |  1689
      Shoals:1 |       0 |   11596 |   0.0 |       0 |      19 |   0.0 |  1768
      Shoals:2 |       0 |    9272 |   0.0 |       0 |      18 |   0.0 |   679
      Spider:1 |       0 |   18065 |   0.0 |       0 |      52 |   0.0 |  1367
      Spider:2 |       0 |   23255 |   0.0 |       0 |      64 |   0.0 |  2148
      Spider:3 |       0 |    8708 |   0.0 |       0 |      26 |   0.0 |  1190
      Spider:4 |       0 |   33087 |   0.0 |       0 |      78 |   0.0 |  2027
         Orc:1 |       0 |    7227 |   0.0 |       0 |      40 |   0.0 |  1182
         Orc:2 |       0 |   29794 |   0.0 |       0 |     147 |   0.0 |  1946
               +---------+---------+-------+---------+---------+-------+---------
